 Dungeon Crawl Stone Soup version 0.32-a0-411-g744942f433 (webtiles) character file.

Game seed: 10764138651331520751

2951 hihot the Magician (level 10, 73/73 HPs)
             Began as a Djinni Fire Elementalist on Jan 15, 2022.
             Got out of the dungeon alive.
             The game lasted 00:13:42 (8567 turns).

hihot the Magician (Djinni Fire Elementalist)       Turns: 8567, Time: 00:13:43

Health: 73/73      AC:  8    Str:  7    XL:     10   Next: 8%
Gold:   300        EV: 18    Int: 21    God:
                   SH:  0    Dex: 14

rFire   + + +        o - +2 falchion (protect)
rCold   x . .        (no shield)
rNeg    + . .        B - +0 leather armour {rN+}
rPois   ∞            n - +2 helmet
rElec   .            g - scarf {harm}
rCorr   .            w - +1 pair of gloves
SInv    .            (boots unavailable)
Will    +....        (no amulet)
Stlth   ++           l - +4 ring of evasion
HPRegen 0.32/turn    t - ring of protection from fire
MPRegen 0.00/turn

%: harm (+30% outgoing, +20% incoming)
@: flying
A: sickness immunity, fire resistance 2, cold vulnerability 1, float, innate
caster, HP casting, extra vitality 1
a: no special abilities


You escaped.
You visited 1 branch of the dungeon, and saw 6 of its levels.

You collected 387 gold pieces.
You spent 87 gold pieces at shops.

Inventory:

Hand Weapons
 h - a +0 dagger
 o - a +2 falchion of protection (weapon)
Armour
 a - a +0 robe
 g - a scarf of harm (worn)
 n - a +2 helmet (worn)
 w - a +1 pair of gloves (worn)
 B - a +0 leather armour of positive energy (worn)
Magical Staves
 A - a staff of conjuration
Jewellery
 l - a +4 ring of evasion (left hand)
 t - a ring of protection from fire (right hand)
 y - a ring of wizardry
Wands
 d - a wand of mindburst (9)
 z - a wand of polymorph (9)
Scrolls
 c - 5 scrolls of teleportation
 e - 2 scrolls of fear {unknown}
 i - 2 scrolls of immolation {unknown}
 x - a scroll of fog {unknown}
Potions
 b - a potion of attraction
 f - 2 potions of might
 j - a potion of brilliance
 k - 2 potions of haste
 m - a potion of enlightenment
 p - a potion of heal wounds
 q - a potion of lignification {unknown}
 r - 2 potions of curing {unknown}
 s - a potion of magic {unknown}
 u - a potion of ambrosia {unknown}
 v - 2 potions of invisibility {unknown}


   Skills:
 + Level 6.4 Fighting
 + Level 7.5 Dodging
 - Level 1.5 Stealth
 * Level 7.8 Spellcasting
 * Level 7.8 Conjurations
 * Level 7.8 Hexes
 * Level 7.8 Summonings
 * Level 7.8 Necromancy
 * Level 7.8 Translocations
 * Level 7.8 Fire Magic
 * Level 7.8 Ice Magic
 * Level 7.8 Air Magic
 * Level 7.8 Earth Magic
 * Level 7.8 Alchemy


You knew the following spells:

 Your Spells              Type           Power      Damage    Failure   Level
a - Foxfire               Conj/Fire      100%       2x1d9     1%          1
b - Scorch                Fire           82%        2d8       1%          2
d - Inner Flame           Hex/Fire       41%        N/A       1%          3
e - Flame Wave            Conj/Fire      41%        2d11      4%          4
f - Freeze                Ice            100%       1d10      1%          1
g - Passwall              Erth           41%        N/A       1%          3
h - Call Canine Familiar  Summ           41%        N/A       1%          3
i - Swiftness             Air            41%        N/A       1%          3
Your spell library was empty.

Dungeon Overview and Level Annotations

Branches:
Dungeon (6/15)
 Temple: D:4-7

Altars:
Gozag

Shops:
D:2 *   D:6 **

Annotations:
D:5 3 runed translucent doors, RancidPinata's ghost, weakling GrDe


Innate Abilities, Weirdness & Mutations

You are immune to sickness and miasma.
You are immune to poison.
Your flesh is very heat resistant. (rF++)
You are vulnerable to cold. (rC-)
You float through the air rather than walking.
You learn spells naturally, not from books.
Your magical power is your life essence.
You have superior vitality. (+4 MHP)


Message History

The adder barely misses you.
Unknown command.
You miss the adder.
The adder is heavily wounded.
The adder misses you.
You hit the adder.
Your weapon exudes an aura of protection.
You kill the adder!
Casting: Foxfire (safe; 1% risk of failure)
Confirm with . or Enter, or press ? or * to list all spells.
Okay, then.
Welcome back, hihot the Djinni Fire Elementalist.
Press ? for a list of commands and other information.
What level of the Dungeon? (default 1, ? - help)
You see here a +0 giant spiked club.
There is a stone staircase leading up here.
You fly upwards.
Level annotation: 3 runed translucent doors, RancidPinata's ghost, weakling GrDe
There is a stone staircase leading down here.
There is a stone staircase leading up here.
You fly upwards.
There is a stone staircase leading down here.
There is an open door here.
There is a stone staircase leading up here.
You fly upwards.
There is a stone staircase leading down here.
There is a stone staircase leading up here.
You fly upwards.
There is a stone staircase leading down here.
Items here: )) [ ÷.
You see here 26 stones.
There is a stone staircase leading up here.
You fly upwards.
There is a stone staircase leading down here.
As you open the door, it creaks loudly!
You can't go down here!
You can't go up here!
There is an open door here.
There is a staircase leading out of the dungeon here.
You have escaped!

##### #...# #'#.### #.#...#
####### ###.###.######.....#
#### #..@..#.....##.....#
#..#######.#######..#.....#
#..+.............+........#
##.#####.#####.#######.....#
#.....##.#####.#######.....#
##.###.'.........'...........
#..# #######.##########.....#
####†## #...........### #.....#
#....##########.######.####..###


There were no monsters in sight!

Vanquished Creatures
  A deep elf pyromancer (D:6)
  Sigmund (D:3)
  A steam dragon (D:6)
  Duvessa (D:6)
  A water moccasin (D:6)
  4 sky beasts
  A necrophage (D:5)
  An ice beast (D:6)
  2 ogres
  A centaur (D:5)
  3 phantoms
  A kobold brigand (D:6)
  A water moccasin skeleton (D:5)
  Dowan (D:6)
  2 howler monkeys
  2 centaur zombies
  2 jellies (D:6)
  2 hounds (D:6)
  3 bullfrog skeletons (D:6)
  An orc priest (D:3)
  2 iguanas
  Natasha (thrice) (D:4)
  3 orc wizards
  5 adders
  A shadow imp (D:6)
  An ufetubus (D:5)
  An adder zombie (D:5)
  3 adder skeletons (D:4)
  A ribbon worm (D:4)
  3 dart slugs
  19 orcs
  7 bats
  6 endoplasms
  4 giant cockroaches
  4 goblins
  7 hobgoblins
  11 jackals
  6 quokkas
  9 ball pythons
  3 frilled lizards
  9 kobolds
  6 rats
146 creatures vanquished.

Vanquished Creatures (collateral kills)
  An ogre (D:5)
1 creature vanquished.

Vanquished Creatures (others)
  292 foxfires
292 creatures vanquished.

Grand Total: 439 creatures vanquished

Notes
Turn   | Place    | Note
-------+----------+-------------------------------------------
     0 | D:1      | hihot the Djinni Fire Elementalist began the quest for the
                  | Orb.
     0 | D:1      | Reached XP level 1. HP: 15/15 MP: 0/0
   348 | D:1      | Reached XP level 2. HP: 18/22 MP: 0/0
   798 | D:1      | Reached skill level 1 in Fighting
   798 | D:1      | Reached XP level 3. HP: 23/27 MP: 0/0
   798 | D:1      | Learned a level 1 spell: Freeze
  1735 | D:2      | Found Sodept's Assorted Antiques.
  1739 | D:2      | Reached XP level 4. HP: 31/32 MP: 0/0
  1768 | D:2      | Bought a scroll of identify for 48 gold pieces
  2425 | D:3      | Identified the +1 leather armour of the Dragon {Rampage
                  | Dex+6}
  2752 | D:3      | Noticed Sigmund
  2761 | D:3      | Killed Sigmund
  2762 | D:3      | Reached XP level 5. HP: 33/39 MP: 0/0
  2762 | D:3      | Learned a level 3 spell: Passwall
  2762 | D:3      | Reached XP level 6. HP: 39/45 MP: 0/0
  3730 | D:4      | Noticed Natasha
  3735 | D:4      | Killed Natasha
  3847 | D:4      | Reached XP level 7. HP: 37/49 MP: 0/0
  3847 | D:4      | Learned a level 3 spell: Call Canine Familiar
  4360 | D:4      | Noticed Natasha
  4366 | D:4      | Killed Natasha
  4483 | D:4      | Noticed Natasha
  4489 | D:4      | Killed Natasha
  5146 | D:5      | Entered Level 5 of the Dungeon
  5298 | D:5      | Reached skill level 5 in Spellcasting
  5298 | D:5      | Reached XP level 8. HP: 33/58 MP: 0/0
  5461 | D:5      | Reached skill level 5 in Dodging
  5849 | D:5      | Found a runed translucent gate.
  5850 | D:5      | Found a runed translucent gate.
  5851 | D:5      | Found an opulent altar of Gozag.
  5851 | D:5      | Found a runed translucent gate.
  5852 | D:5      | Noticed RancidPinata's ghost (weakling GrDe)
  6588 | D:6      | Reached XP level 9. HP: 45/64 MP: 0/0
  6588 | D:6      | Learned a level 3 spell: Swiftness
  6768 | D:6      | Reached skill level 5 in Fighting
  7406 | D:6      | Noticed a deep elf pyromancer
  7411 | D:6      | Killed a deep elf pyromancer
  7598 | D:6      | Noticed Duvessa
  7598 | D:6      | Noticed Dowan
  7835 | D:6      | Killed Dowan
  7836 | D:6      | Killed Duvessa
  8118 | D:6      | Reached XP level 10. HP: 41/73 MP: 0/0
  8265 | D:6      | Found Voal's General Store.
  8266 | D:6      | Found Faxtaysij's Specific Store.
  8299 | D:6      | Bought a scroll of teleportation for 39 gold pieces
  8396 | D:6      | Upgraded the game from 0.28-a0-1510-gd0f6b136d3 to
                  | 0.30-a0-1008-g30c9307041
  8403 | D:6      | Upgraded the game from 0.30-a0-1008-g30c9307041 to
                  | 0.32-a0-411-g744942f433
  8567 | D:$      | Got out of the dungeon alive.

Illustrated notes

Levels and vault maps discovered:
D:1:      shiori_shiawase, layout_rooms, hangedman_decor_growths
D:2:      layout_basic, serial_shops, nicolae_shop_window_shopping
D:3:      layout_basic, mainiacjoe_overflow_alcove_1, uniq_sigmund
D:4:      layout_gridville, uniq_natasha
D:5:      layout_basic, ebering_ghost_gozag, hex_tiny
D:6:      layout_loops_cross, st_stairs_4, minivault_25,
          eino_small_chamber_without_monster, nicolae_specific_store,
          guppyfry_early_elven_hall, uniq_duvessa

Skill      XL: |  1  2  3  4  5  6  7  8  9 |
---------------+----------------------------+-----
Fighting       | 1 2 3 4 6 |  6.4
Spellcasting   | 3 4 5 6 7 |  7.8
Dodging        | 3 4 6 7 |  7.5
Stealth        | |  1.5
Conjurations   | |  7.8
Hexes          | |  7.8
Summonings     | |  7.8
Necromancy     | |  7.8
Translocations | |  7.8
Fire Magic     | |  7.8
Ice Magic      | |  7.8
Air Magic      | |  7.8
Earth Magic    | |  7.8
Alchemy        | |  7.8

Action                     |  1- 3 |  4- 6 |  7- 9 | 10-12 || total
---------------------------+-------+-------+-------+-------++-------
  Melee: Dagger            |     1 |    12 |       |       ||    13
         Falchion          |       |       |    28 |     7 ||    35
   Cast: Foxfire           |    74 |    63 |    39 |     1 ||   177
         Freeze            |       |    33 |    15 |       ||    48
         Scorch            |       |     9 |    82 |     3 ||    94
         Conjure Flame     |       |     1 |       |       ||     1
         Call Canine Famil |       |       |     6 |       ||     6
         Flame Wave        |       |       |     9 |       ||     9
         Swiftness         |       |       |     1 |       ||     1
    Use: Scroll            |     3 |     5 |     2 |       ||    10
         Potion            |       |       |     1 |       ||     1
   Stab: Sleeping          |     1 |       |       |       ||     1
 Armour: Robe              |     4 |    11 |    22 |       ||    37
         Leather armour    |       |       |     6 |     4 ||    10
  Dodge: Dodged            |    11 |    47 |    81 |     5 ||   144

Table legend: (Time is in decaauts)
 A = Elapsed time spent in this place.
 B = Non-inter-level travel time spent in this place.
 C = Inter-level travel time spent in this place.
 D = Time resting spent in this place.
 E = Time spent auto-exploring this place.
 F = Levels seen in this place.
 G = Mean time per level.
                   A        B        C        D        E       F      G
               +--------+--------+--------+--------+--------+-----+--------+
         Total |   8576 |   8297 |    279 |   1349 |   5901 |   6 | 1429.3 |
       Dungeon |   8576 |   8297 |    279 |   1349 |   5901 |   6 | 1429.3 |
               +--------+--------+--------+--------+--------+-----+--------+

Top non-repeatable levels by time:
     D:6: 1715 daAuts
     D:5: 1614 daAuts
     D:4: 1569 daAuts
     D:1: 1474 daAuts
     D:3: 1392 daAuts
     D:2: 810 daAuts
